 Dungeon Crawl Stone Soup version 0.31-a0-446-g07c4bd200f (webtiles) character file.

Game seed: 4067177429817361654

135 Ethylacetat the Insei (level 5, -9/29 HPs)
             Began as a Vine Stalker Monk on Aug 3, 2023.
             Killed by divine providence
             ... invoked by an orc priest
              (10 damage)
             ... on level 3 of the Dungeon.
             The game lasted 00:04:03 (1905 turns).

Ethylacetat the Insei (Vine Stalker Monk)           Turns: 1905, Time: 00:04:03

Health: -9/29      AC:  2    Str: 14    XL:     5   Next: 18%
Magic:  0/7        EV: 13    Int: 10    God:
Gold:   188        SH:  0    Dex: 18    Spells: 6/6 levels left

rFire   . . .        e - +1 whip (elec)
rCold   . . .        c - orb {light}
rNeg    . . .        a - +0 robe
rPois   .            (no helmet)
rElec   .            (no cloak)
rCorr   .            (no gloves)
SInv    .            (no boots)
Will    .....        (no amulet)
Stlth   +            (no ring)
HPRegen 1.04/turn    (no ring)
MPRegen 0.10/turn

%: guardian spirit
@: glowing
A: fangs 2, regeneration 1, magic shield, antimagic bite, no potion heal 2
a: no special abilities


You were on level 3 of the Dungeon.
You visited 1 branch of the dungeon, and saw 3 of its levels.

You collected 188 gold pieces.

Inventory:

Hand Weapons
 e - a +1 whip of electrocution (weapon)
Missiles
 g - 2 poisoned darts
Armour
 a - a +0 robe (worn)
 c - an orb of light (worn)
Jewellery
 h - a ring of poison resistance
Scrolls
 f - a scroll of amnesia {unknown}
 j - a scroll of immolation {unknown}
Potions
 d - 2 potions of heal wounds {unknown}
 i - a potion of curing {unknown}
 k - a potion of attraction {unknown}


   Skills:
 + Level 3.7 Fighting
 - Level 3.0 Dodging
 + Level 4.0 Unarmed Combat
 + Level 1.3 Spellcasting


You had 6 spell levels left.
You didn't know any spells.
Your spell library was empty.

Dungeon Overview and Level Annotations

Branches:
Dungeon (3/15)

Altars:
Hepliaklqana

Annotations:
D:3 Robin


Innate Abilities, Weirdness & Mutations

You have extremely sharp teeth.
Your natural rate of healing is unusually fast.
When hurt, damage is shared between your health and your magic reserves.
Your bite disrupts and absorbs the magic of your enemies.
Potions cannot restore your health.


Message History

You hit the orc priest but do no damage.
You bite the orc priest. You drain its power.
You feel invigorated.
The orc priest is moderately wounded.
The orc closely misses you. The orc barely misses you.
The orc priest hits you but does no damage.
You hit the orc priest. You bite the orc priest. You drain its power.
You feel invigorated.
The orc priest is severely wounded.
The orc hits you with a +0 war axe! The orc priest misses you.
The orc throws a boomerang.
The boomerang hits you but does no damage.
You hit the orc priest but do no damage.
Your bite misses the orc priest.
The orc priest is severely wounded.
The orc barely misses you. The orc hits you with a +0 war axe!
* * * LOW HITPOINT WARNING * * *
The orc priest hits you with a +0 hand axe.
* * * LOW HITPOINT WARNING * * *
The orc closely misses you. The orc priest barely misses you.
The orc barely misses you. The orc misses you.
You are confused.
Your system rejects the healing.
You feel invigorated. The orc misses you. The orc hits you with a +0 war axe.
* * * LOW HITPOINT WARNING * * *
The orc priest closely misses you. The orc misses you.
You hit the orc but do no damage. Your bite misses the orc.
The orc barely misses you. The orc hits you with a +0 hand axe.
* * * LOW HITPOINT WARNING * * *
The orc priest barely misses you. The orc barely misses you.
You hit the orc priest. You bite the orc priest. You drain its power.
You feel invigorated.
The orc priest is almost dead.
You feel less invigorated.
You feel less confused. The orc hits you with a +0 hand axe!
* * * LOW HITPOINT WARNING * * *
The orc closely misses you.
The orc priest calls down the wrath of Beogh upon you.
Beogh smites you!
You die...

..# ..# ..## ...# .#.#
.#.# .#.# ########## .#.#
###..o.....# .#.#
######...@o.....#
...#####......#.oo.....#
.........#############.#
.............# #....
.##..........#####..#
.##..........#...<.#
.##......†.....##...#
.##...........##........
.........######..........


You could see an orc priest and 3 orcs.

Vanquished Creatures
  3 gnolls (D:2)
  3 adders
  3 worms
  A dart slug (D:3)
  An orc (D:3)
  3 ball pythons (D:1)
  9 bats
  8 endoplasms
  6 giant cockroaches
  8 goblins
  5 hobgoblins
  5 kobolds
  2 frilled lizards (D:1)
  4 rats
61 creatures vanquished.

Notes
Turn   | Place    | Note
-------+----------+-------------------------------------------
     0 | D:1      | Ethylacetat the Vine Stalker Monk began the quest for the
                  | Orb.
     0 | D:1      | Reached XP level 1. HP: 11/11 MP: 2/2
   322 | D:1      | Reached XP level 2. HP: 13/16 MP: 3/3
   952 | D:2      | Reached XP level 3. HP: 20/20 MP: 4/4
  1099 | D:2      | Found a hazy altar of Hepliaklqana.
  1154 | D:2      | Gained mutation: Your natural rate of healing is unusually
                  | fast. [Vine Stalker growth]
  1154 | D:2      | Reached XP level 4. HP: 24/24 MP: 5/5
  1606 | D:3      | Noticed Robin
  1702 | D:3      | Reached skill level 1 in Spellcasting
  1704 | D:3      | Reached skill level 4 in Unarmed Combat
  1704 | D:3      | Reached XP level 5. HP: 29/29 MP: 7/7
  1902 | D:3      | HP: 1/29 [orc priest/+0 hand axe (3)]
  1905 | D:3      | Killed from afar by an orc priest

Illustrated notes

Levels and vault maps discovered:
D:1:      dpeg_arrival_circle_labyrinth_c, layout_basic,
          wander_ebering_terrifying_dragon_lair
D:2:      layout_basic, basic_altar, amcnicky_mini_rare_corridor_liquid
D:3:      layout_rooms, gup_sewer_entry_pipe, minmay_starry_boxes, uniq_robin,
          uniq_natasha

Skill      XL: |  1  2  3  4 |
---------------+-------------+-----
Fighting       | 3 |  3.7
Dodging        | 3 |  3.0
Spellcasting   | 1 |  1.3
Unarmed Combat | 4 |  4.0

Action                     |  1- 3 |  4- 6 || total
---------------------------+-------+-------++-------
  Melee: Unarmed           |    21 |       ||    21
         Bite              |    15 |    22 ||    37
         Whip              |    38 |    68 ||   106
    Use: Potion            |       |     1 ||     1
 Armour: Robe              |    12 |    19 ||    31
  Dodge: Dodged            |    42 |    70 ||   112

Table legend: (Time is in decaauts)
 A = Elapsed time spent in this place.
 B = Non-inter-level travel time spent in this place.
 C = Inter-level travel time spent in this place.
 D = Time resting spent in this place.
 E = Time spent auto-exploring this place.
 F = Levels seen in this place.
 G = Mean time per level.
                   A        B        C        D        E       F      G
               +--------+--------+--------+--------+--------+-----+--------+
         Total |   1913 |   1831 |     82 |      0 |   1404 |   3 |  637.7 |
       Dungeon |   1913 |   1831 |     82 |      0 |   1404 |   3 |  637.7 |
               +--------+--------+--------+--------+--------+-----+--------+

Top non-repeatable levels by time:
     D:1: 940 daAuts
     D:2: 703 daAuts
     D:3: 269 daAuts
